AoeStats
← Jimbo990

Black Forest

519339213Analyzed
4v4 RM · 9d ago on Nov 7, 2026· 106m 56s· 8 players
Game mode
Random Map
Map size
Large (8 player)
Population
200
Speed
Normal
Resources
Standard
Victory
Conquest
Starting age
Dark Age
Ending age
Imperial Age
RankedLock teamsTeams togetherTeam positionsShared explorationLock speedFull tech treeHidden civsTurbo modeCheats
Victory
Defeat
🇨🇳 Italians · China
699
+14
🇨🇳 Byzantines · China
693
+14
🇨🇳 Britons · China
613
+17
🇨🇳 Spanish · China
585
+18
vs
🇨🇳 Celts · China
687
-17
🇨🇳 Romans · China
684
-17
🇬🇧 Persians · United Kingdom
621
-15
🇹🇼 Bohemians · Taiwan
589
-14
太原路人
0:43 Loom
12:11 Feudal Age
13:31 Wheelbarrow
12:45 Double-Bit Axe
12:43 Horse Collar
16:26 Gold Mining
16:28 Stone Mining
22:40 Padded Archer Armor
22:30 Fletching
25:16 Castle Age
24:46 Scale Mail Armor
25:25 Fishing Lines
26:09 Bow Saw
26:04 Heavy Plow
26:22 Hand Cart
26:51 Gold Shaft Mining
26:09 Gillnets
27:12 Bodkin Arrow
27:33 Leather Archer Armor
27:34 Chain Mail Armor
30:51 Yeomen
31:33 Coinage
31:04 Caravan
34:47 Arson
35:03 Squires
34:23 Pikeman
34:49 Gambesons
38:00 Imperial Age
39:11 Banking
39:20 Conscription
39:49 Guilds
41:10 Two-Man Saw
42:27 Chemistry
41:48 Ballistics
41:37 Siege Engineers
42:37 Halberdier
45:19 Elite Longbowman
45:35 Sappers
45:30 Capped Ram
68:07 Ring Archer Armor
67:38 Bracer
68:09 Plate Mail Armor
太原天空
10:54 Feudal Age
19:11 Castle Age
18:34 Wheelbarrow
17:41 Horse Collar
18:39 Double-Bit Axe
20:40 Bow Saw
20:45 Stone Mining
21:02 Heavy Plow
22:19 Stone Shaft Mining
21:35 Gold Mining
31:06 Ballistics
31:13 Fervor
31:03 Arson
31:26 Scale Barding Armor
37:49 Imperial Age
35:28 Padded Archer Armor
39:02 Silk Road
38:53 Pirotechnia
40:54 Hand Cart
41:45 Two-Man Saw
41:27 Leather Archer Armor
41:03 Fletching
41:33 Chain Barding Armor
41:14 Scale Mail Armor
41:24 Forging
55:38 Pikeman
56:19 Squires
57:55 Elite Skirmisher
59:15 Caravan
71:43 Loom
88:01 Caravan
88:31 Coinage
88:12 Guilds
95:00 Banking
96:42 Crop Rotation
100:36 Chemistry
99:16 Elite Genoese Crossbowman
100:56 Conscription
101:12 Hoardings
BOSS
1:28 Loom
14:34 Feudal Age
21:13 Castle Age
27:18 Fervor
35:05 Imperial Age
33:33 Masonry
34:44 Pikeman
35:25 Squires
38:16 Elite Conquistador
40:17 Inquisition
40:39 Block Printing
40:29 Caravan
40:59 Coinage
42:47 Padded Archer Armor
52:16 Wheelbarrow
52:21 Ballistics
52:34 Banking
52:15 Guilds
53:50 Stone Mining
53:51 Gold Mining
54:28 Horse Collar
55:12 Hand Cart
54:43 Town Watch
55:34 Supremacy
55:35 Conscription
56:45 Chemistry
56:16 Architecture
56:19 Double-Bit Axe
56:37 Heavy Plow
56:44 Town Patrol
57:10 Scale Barding Armor
57:21 Leather Archer Armor
56:56 Fletching
57:12 Murder Holes
57:07 Guard Tower
60:23 Bombard Tower
60:36 Fortified Wall
61:29 Ring Archer Armor
60:55 Bodkin Arrow
61:20 Chain Barding Armor
61:03 Fishing Lines
61:14 Heavy Mounted Crossbowman
61:14 Elite Skirmisher
62:00 Thumb Ring
71:45 Capped Ram
73:30 Siege Ram
73:38 Onager
87:10 Bracer
87:46 Plate Barding Armor
87:11 Scale Mail Armor
87:22 Forging
94:38 Keep
93:48 Arrowslits
94:22 Chain Mail Armor
94:43 Iron Casting
95:14 Stone Shaft Mining
96:14 Bow Saw
太原帝国
0:51 Loom
13:04 Feudal Age
14:22 Wheelbarrow
13:30 Horse Collar
13:39 Double-Bit Axe
16:43 Gold Mining
16:44 Stone Mining
24:29 Castle Age
22:44 Forging
22:35 Padded Archer Armor
24:05 Fletching
24:19 Scale Mail Armor
25:34 Hand Cart
25:23 Heavy Plow
25:38 Bow Saw
26:06 Coinage
25:37 Caravan
26:17 Gambesons
26:18 Arson
27:49 Crossbowman
29:47 Stone Shaft Mining
30:10 Gold Shaft Mining
30:22 Thumb Ring
31:57 Squires
33:03 Pikeman
34:50 Leather Archer Armor
35:11 Iron Casting
37:53 Scale Barding Armor
38:49 Chain Mail Armor
40:45 Bodkin Arrow
43:32 Imperial Age
42:19 Chain Barding Armor
45:35 Conscription
44:39 Elite Cataphract
44:44 Halberdier
45:59 Fortified Wall
51:14 Plate Barding Armor
53:18 Chemistry
54:57 Banking
54:56 Logistica
57:04 Plate Mail Armor
67:40 Elite Skirmisher
73:55 Bombard Tower
100:17 Onager
Jimbo990
11:15 Feudal Age
12:55 Double-Bit Axe
20:25 Castle Age
21:16 Horse Collar
24:56 Heavy Plow
25:13 Bow Saw
30:23 Imperial Age
27:44 Town Watch
28:35 Wheelbarrow
27:45 Loom
30:39 Murder Holes
31:45 Chemistry
31:15 Cavalier
31:19 Pikeman
36:38 Savar
37:46 Citadels
37:44 Heavy Scorpion
38:40 Caravan
39:58 Hand Cart
39:44 Town Patrol
39:58 Masonry
40:25 Crop Rotation
40:07 Scale Barding Armor
40:13 Forging
41:23 Conscription
42:21 Bloodlines
42:12 Husbandry
43:24 Hoardings
44:13 Chain Barding Armor
44:29 Iron Casting
43:45 Fletching
44:29 Ballistics
44:41 Architecture
72:16 Plate Barding Armor
72:43 Blast Furnace
71:44 Scale Mail Armor
100:20 Two-Man Saw
99:45 Chain Mail Armor
99:26 Bodkin Arrow
99:31 Padded Archer Armor
观音的害怕
0:39 Loom
15:06 Feudal Age
17:19 Double-Bit Axe
20:43 Castle Age
19:55 Horse Collar
22:05 Bow Saw
21:57 Heavy Plow
33:07 Wheelbarrow
32:23 Arson
34:40 Gold Mining
34:41 Stone Mining
39:17 Imperial Age
37:04 Hand Cart
37:29 Forging
37:20 Scale Mail Armor
814593575
0:29 Loom
12:10 Feudal Age
12:40 Double-Bit Axe
13:21 Horse Collar
17:16 Gold Mining
17:20 Stone Mining
20:54 Castle Age
23:00 Caravan
23:07 Heavy Plow
26:30 Wheelbarrow
26:44 Bow Saw
27:23 Fletching
27:43 Forging
27:39 Scale Barding Armor
29:10 Gold Shaft Mining
29:51 Hand Cart
29:59 Hand Cart
34:04 Imperial Age
34:12 Ballistas
34:49 Iron Casting
34:35 Chain Barding Armor
34:10 Bodkin Arrow
34:51 Husbandry
35:01 Bloodlines
35:37 Crop Rotation
35:07 Town Watch
37:16 Ballistics
37:57 Chemistry
36:54 Murder Holes
39:05 Conscription
39:11 Comitatenses
40:07 Siege Engineers
40:14 Masonry
39:59 Elite Centurion
42:04 Blast Furnace
41:40 Plate Barding Armor
59:12 Heavy Scorpion
59:13 Capped Ram
61:01 Siege Ram
87:16 Onager
102:01 Light Cavalry
102:46 Scale Mail Armor
102:47 Padded Archer Armor
fr121250
1:04 Loom
15:09 Feudal Age
17:51 Wheelbarrow
17:28 Double-Bit Axe
17:28 Man-at-Arms
19:39 Scale Mail Armor
25:19 Horse Collar
26:50 Fletching
27:01 Padded Archer Armor
35:42 Castle Age
34:35 Forging
35:46 Crossbowman
36:48 Leather Archer Armor
36:00 Long Swordsman
36:41 Squires
36:03 Pikeman
37:34 Hand Cart
38:20 Heavy Plow
38:36 Bow Saw
39:21 Bodkin Arrow
39:38 Long Swordsman
42:39 Chemistry
49:10 Imperial Age
Connection lost

Rejoining the realm…

Still unreachable

The connection could not be restored.

Session expired

The server has moved on; the page needs a fresh start.